 Dungeon Crawl Stone Soup version 0.31-a0-978-g1e143483b6 (webtiles) character file.

Game seed: 6316816351271392695

907 Arzdou the Mimic (level 8, -2/43 HPs)
             Began as an Octopode Shapeshifter on Oct 30, 2023.
             Was a Priest of Hepliaklqana.
             Constricted to death by Pikel (9 damage)
             ... on level 5 of the Dungeon.
             The game lasted 00:08:33 (3522 turns).

Arzdou the Mimic (Octopode Shapeshifter)            Turns: 3522, Time: 00:08:34

Health: -2/43      AC:  1    Str: 14    XL:     8   Next: 8%
Magic:  8/8        EV: 10    Int: 12    God:    Hepliaklqana [***...]
Gold:   242        SH:  0    Dex: 13    Spells: 7/7 levels left

rFire   . . .        b - +0 hand cannon (drain)
rCold   . . .        (no shield)
rNeg    . . .        (helmet currently unavailable)
rPois   .            m - amulet of regeneration
rElec   .            l - ring of willpower
rCorr   .            (no ring)
SInv    .            (no ring)
Will    +....        (no ring)
Stlth   ++           (no ring)
HPRegen 1.07/turn    (no ring)
MPRegen 0.11/turn    (no ring)
                     (no ring)

%: no passive effects
@: beast-form, grasped by roots, constricted
A: beast (slay +4), reduced essence, almost no armour, amphibious, 8 rings,
camouflage 1, gelatinous body 1, (nimble swimmer 1), tentacles
a: Begin Untransformation, Renounce Religion, Recall Ancestor, Ancestor
Identity, Transference


You were on level 5 of the Dungeon.
You worshipped Hepliaklqana.
Hepliaklqana was most pleased with you.
You were a hulking beast.
You visited 1 branch of the dungeon, and saw 5 of its levels.
You also visited: Sewer.

You collected 242 gold pieces.

Inventory:

Hand Weapons
 a - the +7 staff of the Meek {protect, meekguard}
   (You found it on level 3 of the Dungeon)
 b - a +0 hand cannon of draining (weapon)
 q - a +0 dagger
Jewellery
 l - a ring of willpower (left tentacle)
 m - an amulet of regeneration (around mantle)
Talismans
 c - a flux talisman
 v - a maw talisman
 y - a beast talisman
Wands
 n - a wand of roots (14)
Scrolls
 d - a scroll of enchant weapon {unknown}
 h - a scroll of amnesia
 i - 2 scrolls of revelation
 j - a scroll of fear
 k - 2 scrolls of fog
 o - 2 scrolls of teleportation
 t - a scroll of blinking {unknown}
 w - 2 scrolls of identify
 x - a scroll of noise {unknown}
 A - a scroll of torment {unknown}
Potions
 e - 4 potions of curing
 f - 2 potions of might {unknown}
 g - a potion of heal wounds {unknown}
 p - a potion of degeneration {unknown}
 r - a potion of lignification
 s - a potion of haste {unknown}
 u - a potion of invisibility {unknown}
 z - a potion of attraction {unknown}


   Skills:
 - Level 1.1 Fighting
 - Level 2.0 Dodging
 - Level 0.5 Stealth
 - Level 3.0 Unarmed Combat
 + Level 8.7 Shapeshifting


You had 7 spell levels left.
You didn't know any spells.
Your spell library contained the following spells:

 Spells                   Type           Power      Damage    Failure   Level
 Apportation              Tloc           0%         N/A       32%         1
 Necrotise                Necr           0%         1d4       32%         1
 Summon Small Mammal      Summ           0%         N/A       32%         1
 Poisonous Vapours        Pois/Air       0%         N/A       45%         2
 Scorch                   Fire           0%         2d5       45%         2
 Mephitic Cloud           Conj/Pois/Air  0%         N/A       69%         3
 Flame Wave               Conj/Fire      0%         2d4       97%         4
 Summon Lightning Spire   Summ/Air       0%         N/A       97%         4
 Freezing Cloud           Conj/Ice/Air   0%         6-21      100%        5
 Lee's Rapid Deconstruct  Erth           0%         3d4*      100%        5
 Summon Cactus Giant      Summ           0%         N/A       100%        6
 Animate Armour           Summ/Erth      Unusable   N/A       N/A         4

Dungeon Overview and Level Annotations

Branches:
Dungeon (5/15)              Sewer (visited)
 Temple: D:4-7

Altars:
Hepliaklqana
The Shining One

Shops:
D:2 :

Annotations:
D:5 Pikel


Innate Abilities, Weirdness & Mutations

You are a hulking beast.
Your limbs bulge with bestial killing power. (Slay +4)
Your life essence is reduced to manifest your ancestor. (-10% HP)
You cannot wear most types of armour.
You are amphibious.
You can wear up to eight rings at the same time.
Your skin changes colour to match your surroundings (Stealth+).
Your rubbery body absorbs attacks. (AC +1, EV +1)
((You are camouflaged when in or above water. (Stealth+)))
You have tentacles for arms and can constrict up to eight enemies at once.


Message History

Pikel is nearby!
You see here a hound skeleton.
The +7 staff of the Meek {protect, meekguard} goes still.
You sense an unholy aura.
b - a +0 hand cannon of draining (weapon)
Pikel zaps a wand.
The roots erupt in riotous growth!
The grasping roots grab you!
Teicuih is unaffected.
The grasping roots constrict you.
You hear a shout! x3
You shoot a bolt. The bolt hits Pikel but does no damage.
You drain Pikel.
Pikel is lightly wounded.
Pikel says, "You'll make a fine lemure."
The grasping roots constrict you!
Pikel hits Teicuih with a +0 whip of flaming.
The grasping roots constrict you!
You shoot a bolt. Teicuih avoids your attack.
The bolt hits Pikel!
Pikel is moderately wounded.
Teicuih casts a spell at Pikel.
Pikel seems to slow down.
Pikel hits Teicuih with a +0 whip of flaming.
Pikel burns Teicuih.
The grasping roots constrict you!
Teicuih hits Pikel with a +0 dagger of draining.
Pikel closely misses Teicuih.
The grasping roots constrict you!
* * * LOW HITPOINT WARNING * * *
You are too injured to fight recklessly!
Unknown command.
You are too injured to fight recklessly!
Fire: b) +0 hand cannon (drain)
Press: ? - help, Q - select action, (/) - cycle Shift-Dir - straight line, f/p - Pikel
Aim: Pikel, wielding a +0 whip of flaming, wearing a +0 robe and carrying a wand of roots (moderately wounded, slow, lightly drained, ally target, 56% to hit)
You shoot a bolt. Teicuih avoids your attack.
The bolt hits Pikel!
You drain Pikel.
Pikel is severely wounded.
Teicuih closely misses Pikel.
Teicuih casts a spell at Pikel.
Pikel resists with significant effort.
Pikel closely misses Teicuih.
The grasping roots constrict you!
You die...
Pikel says, "See you in Hell!"

..# .. ### ... ## .... .#
#.... .# ##..... .##
##......# ..# ###....# .#
#.## ###.°÷..## .# #..#
###....h########.## ##.##
####.................##
#..###..........R..........##
##R#.......#.....K5.........#
#........##......55........#
#
#.......####...............#
####....### #...............#
.# #...## #..........5....#
.# #..## #...............##


You could see the friendly Teicuih the hexer, Pikel (distracted, slow, drained,
ally target) and 3 lemures.

Vanquished Creatures
  A water moccasin (Sewer)
  An ogre (D:5)
  A lemure (D:5)
  A gnoll sergeant (D:5)
  An orc priest (D:3)
  A hound (D:4)
  A jelly (D:5)
  2 iguanas (D:5)
  An orc wizard (D:3)
  7 adders
  5 gnolls
  A white imp (D:4)
  6 orcs (D:3)
  2 bats (D:1)
  7 endoplasms
  9 giant cockroaches
  7 goblins
  5 hobgoblins
  7 jackals
  6 kobolds
  6 quokkas
  5 ball pythons
  6 frilled lizards
  A goblin zombie (D:4)
  2 hobgoblin zombies (D:4)
  A kobold zombie (D:4)
  An orc skeleton (D:4)
  An orc zombie (D:4)
  6 rats
101 creatures vanquished.

Vanquished Creatures (collateral kills)
  An ice beast (D:5)
  A hound (D:5)
  A gnoll bouda (D:3)
  3 iguanas (D:5)
  3 gnolls (D:3)
  An adder (D:3)
  2 orcs (D:3)
  An endoplasm (D:1)
  A giant cockroach (D:4)
  A goblin (D:2)
  3 quokkas
18 creatures vanquished.

Vanquished Creatures (others)
  2 hexers
2 creatures vanquished.

Grand Total: 121 creatures vanquished

Notes
Turn   | Place    | Note
-------+----------+-------------------------------------------
     0 | D:1      | Arzdou the Octopode Shapeshifter began the quest for the
                  | Orb.
     0 | D:1      | Reached XP level 1. HP: 13/13 MP: 1/1
    77 | D:1      | Found a faded altar of an unknown god.
    83 | D:1      | Prayed at the altar of an unknown god.
    83 | D:1      | Became a worshipper of Hepliaklqana the Forgotten
    83 | D:1      | Reached * piety under Hepliaklqana
   369 | D:1      | Reached XP level 2. HP: 16/16 MP: 2/2
   669 | D:1      | Reached XP level 3. HP: 18/20 MP: 3/3
   786 | D:1      | Reached skill level 4 in Shapeshifting
  1017 | D:2      | Found Cohajuv's Book Shoppe.
  1253 | D:2      | Reached XP level 4. HP: 15/25 MP: 4/4
  1528 | D:3      | Reached ** piety under Hepliaklqana
  1530 | D:3      | Remembered your ancestor Teicuih as a hexer
  1641 | D:3      | Reached skill level 5 in Shapeshifting
  1730 | D:3      | Reached XP level 5. HP: 24/29 MP: 5/5
  2370 | D:3      | Reached skill level 6 in Shapeshifting
  2371 | D:3      | Found the +7 staff of the Meek {protect, meekguard}
  2379 | D:3      | Reached XP level 6. HP: 28/34 MP: 6/6
  2603 | D:4      | Found a glowing drain.
  2620 | Sewer    | Entered a sewer
  2678 | Sewer    | Noticed a water moccasin
  2689 | Sewer    | Killed a water moccasin
  2690 | Sewer    | Reached skill level 7 in Shapeshifting
  2796 | D:4      | Found a glowing golden altar of the Shining One.
  2946 | D:4      | Reached XP level 7. HP: 38/38 MP: 7/7
  3012 | D:5      | Entered Level 5 of the Dungeon
  3121 | D:5      | Reached *** piety under Hepliaklqana
  3305 | D:5      | Noticed Pikel
  3313 | D:5      | Reached skill level 8 in Shapeshifting
  3337 | D:5      | HP: 1/38 [gnoll sergeant/+1 spear of flaming (1)]
  3348 | D:5      | Reached XP level 8. HP: 27/43 MP: 8/8
  3522 | D:5      | Constricted to death by Pikel

Illustrated notes

Levels and vault maps discovered:
D:1:      grunt_arrival_lava_bath, layout_loops_ring,
          dreamdust_ecumenical_altar_angels_and_demons,
          chequers_serial_rivers_room_b
D:2:      layout_basic, serial_shops, shop_fountains, uniq_crazy_yiuf_cottage
D:3:      layout_basic, serial_park_tiny_2, pf_guarded_unrand_meek
D:4:      layout_gridville, nicolae_tso_besieged_by_evil, gup_sewer_entry_pipe
D:5:      layout_cave_pods, uniq_pikel

Skill      XL: |  1  2  3  4  5  6  7 |
---------------+----------------------+-----
Shapeshifting  | 4 5 6 7 8 |  8.7
Fighting       | |  1.1
Dodging        | |  2.0
Stealth        | |  0.5
Unarmed Combat | |  3.0

Action                     |  1- 3 |  4- 6 |  7- 9 || total
---------------------------+-------+-------+-------++-------
  Melee: Unarmed           |    58 |    25 |       ||    83
         Constrict         |    16 |    26 |     1 ||    43
         Tentacles         |    11 |    14 |     1 ||    26
         Punch             |     1 |     3 |       ||     4
         Dagger            |       |    33 |       ||    33
         Quarterstaff      |       |    38 |    18 ||    56
   Fire: Hand cannon       |       |       |    32 ||    32
 Invoke: Ancestor Life: He |       |     1 |       ||     1
    Use: Scroll            |       |     5 |     1 ||     6
         Potion            |       |     1 |     3 ||     4
   Stab: Sleeping          |    11 |     6 |       ||    17
         Distracted        |       |     1 |       ||     1
         Confused          |       |     3 |       ||     3
 Armour: Skin              |    17 |    45 |    52 ||   114
  Dodge: Dodged            |    22 |    46 |    13 ||    81

Table legend: (Time is in decaauts)
 A = Elapsed time spent in this place.
 B = Non-inter-level travel time spent in this place.
 C = Inter-level travel time spent in this place.
 D = Time resting spent in this place.
 E = Time spent auto-exploring this place.
 F = Levels seen in this place.
 G = Mean time per level.
                   A        B        C        D        E       F      G
               +--------+--------+--------+--------+--------+-----+--------+
         Total |   3558 |   3464 |     94 |    149 |   2558 |   6 |  593.0 |
       Dungeon |   3410 |   3316 |     94 |    119 |   2487 |   5 |  682.0 |
         Sewer |    148 |    148 |      0 |     30 |     71 |   1 |  148.0 |
               +--------+--------+--------+--------+--------+-----+--------+

Top non-repeatable levels by time:
     D:3: 937 daAuts
     D:1: 871 daAuts
     D:2: 683 daAuts
     D:5: 540 daAuts
     D:4: 377 daAuts
   Sewer: 148 daAuts
